 Dungeon Crawl Stone Soup version 0.21-a0-352-g5b8f553 (webtiles) character file.

83 tof the Twirler (level 4, -6/35 HPs)
             Began as a Barachi Gladiator on Oct 11, 2017.
             Mangled by Crazy Yiuf
             ... wielding a +2 quarterstaff of chaos
              (11 damage)
             ... on level 2 of the Dungeon.
             The game lasted 00:06:07 (1870 turns).

tof the Twirler (Barachi Gladiator)                 Turns: 1870, Time: 00:06:07

Health: -6/35      AC:  6    Str: 16    XL:     4   Next: 44%
Magic:  0/4        EV: 12    Int:  9    God:
Gold:   105        SH:  0    Dex: 13    Spells: 3/3 levels left

rFire    . . .     SeeInvis .   a - +0 quarterstaff
rCold    . . .     Gourm    .   (shield currently unavailable)
rNeg     + . .     Faith    .   h - +0 ring mail
rPois    .         Spirit   .   c - +0 helmet
rElec    .         Reflect  .   (no cloak)
rCorr    .         Harm     .   (no gloves)
MR       .....                  (no boots)
Stlth    ++........             (no amulet)
HPRegen  0.11/turn              k - ring of positive energy
MPRegen  0.09/turn              o - ring of stealth

@: very slightly contaminated, drained, invisible, slow
A: +LOS, swims, slowness 1, strong legs 1
a: Hop


You were on level 2 of the Dungeon.
You were not hungry.

You visited 1 branch of the dungeon, and saw 2 of its levels.

You collected 105 gold pieces.

Inventory:

Hand Weapons
 a - a +0 quarterstaff (weapon)
Missiles
 d - 3 throwing nets (quivered)
Armour
 c - a +0 helmet (worn)
 h - a +0 ring mail (worn)
Jewellery
 k - a ring of positive energy (left hand)
 o - a ring of stealth (right hand)
Scrolls
 e - 2 scrolls of teleportation {unknown}
 i - 5 scrolls of identify {unknown}
 m - a scroll of recharging {unknown}
 q - a scroll of immolation {unknown}
Potions
 j - a potion of curing {unknown}
 l - a potion of brilliance {unknown}
 n - 2 potions of heal wounds {unknown}
 r - a potion of haste {unknown}
 s - a potion of mutation {unknown}
Comestibles
 b - 3 meat rations
 f - 2 bread rations
 p - a fruit


   Skills:
 + Level 3.1(3.0) Fighting
 * Level 4.1(4.0) Staves
 - Level 2.0(1.8) Throwing
 * Level 2.6(2.4) Armour
 + Level 3.7(3.5) Dodging


You had 3 spell levels left.
You didn't know any spells.

Dungeon Overview and Level Annotations

Branches:
Dungeon (2/15)

Altars:
Makhleb

Annotations:
D:2 Crazy Yiuf, Robin


Innate Abilities, Weirdness & Mutations

Shadows flee at your approach. (+LOS)
You can swim through water.
You cover ground slowly.
You can hop short distances.


Message History

You closely miss Crazy Yiuf. Crazy Yiuf completely misses you.
You barely miss Crazy Yiuf.
Crazy Yiuf hits you with a quarterstaff of chaos!
You partially resist.
You feel drained.
You closely miss Crazy Yiuf.
Crazy Yiuf flaps his cloak.
Crazy Yiuf hits you with a quarterstaff of chaos!
You fade into invisibility!
You are very lightly contaminated with residual magic.
You hit Crazy Yiuf.
Crazy Yiuf is moderately wounded.
Crazy Yiuf hits you with a quarterstaff of chaos.
* * * LOW HITPOINT WARNING * * *
You feel your power leaking away.
You barely miss Crazy Yiuf.
Crazy Yiuf is moderately wounded.
Crazy Yiuf hits you with a quarterstaff of chaos.
* * * LOW HITPOINT WARNING * * *
You are electrocuted!
You die...

......##
##..##
......#
♣....♣
.....##
♣♣...♣
.......#
♣♣.♣♣
.......#
♣♣.♣
.......#
♣.♣♣
........
♣♣.♣
#######.
♣.♣♣ ##
#@# ..
#.g.#
.##
#...#
...
#)..#
....
#####
....
.... ...
..


You could see Crazy Yiuf.

Vanquished Creatures
  3 adders (D:2)
  A worm (D:2)
  2 dart slugs
  2 giant cockroaches (D:1)
  6 goblins
  5 hobgoblins
  2 jackals (D:1)
  3 kobolds (D:2)
  A quokka (D:2)
  3 ball pythons (D:2)
  4 bats
  2 frilled lizards
  18 rats
52 creatures vanquished.

Notes
Turn   | Place    | Note
-------+----------+-------------------------------------------
     0 | D:1      | tof the Barachi Gladiator began the quest for the Orb.
     0 | D:1      | Reached XP level 1. HP: 17/17 MP: 1/1
    15 | D:1      | Reached skill level 1 in Armour
    34 | D:1      | Reached XP level 2. HP: 17/23 MP: 2/2
   896 | D:1      | Reached XP level 3. HP: 28/28 MP: 3/3
  1176 | D:2      | Reached skill level 4 in Staves
  1293 | D:2      | Reached XP level 4. HP: 34/34 MP: 4/4
  1318 | D:2      | Found a burning altar of Makhleb.
  1602 | D:2      | Noticed Robin
  1860 | D:2      | Found a runed door.
  1864 | D:2      | Noticed Crazy Yiuf
  1870 | D:2      | Mangled by Crazy Yiuf

Vault maps used:
D:1:      erik_arrival_orb_chamber
D:2:      mrwooster_statue_mirror, bloody_makhleb, uniq_robin,
          uniq_crazy_yiuf_cottage

Skill      XL: |  1  2  3  4 |
---------------+-------------+-----
Armour         | 1 2 |  2.6
Staves         | 4 |  4.1
Fighting       | 3 |  3.1
Throwing       | |  2.0
Dodging        | |  3.7

Action                   |  1- 3 |  4- 6 || total
-------------------------+-------+-------++-------
Melee: Quarterstaff      |    96 |    57 ||   153
 Abil: Hop               |       |     2 ||     2
 Stab: Distracted        |     1 |       ||     1
  Eat: Chunk             |     2 |     2 ||     4
Armor: Leather armour    |    16 |       ||    16
       Ring mail         |    25 |    28 ||    53
Dodge: Dodged            |    75 |    57 ||   132

Table legend:
 A = Spawn XP
 B = Non-spawn XP
 C = Spawn XP percentage of total XP
 D = Spawn monster count
 E = Non-spawn monster count
 F = Spawn count percentage of total count
 G = Total turns spent on level
                    A         B        C        D         E        F      G
               +---------+---------+-------+---------+---------+-------+---------
         Total |       0 |     119 |   0.0 |       0 |      52 |   0.0 |  1870
               +---------+---------+-------+---------+---------+-------+---------
           D:1 |       0 |      45 |   0.0 |       0 |      31 |   0.0 |  1345
           D:2 |       0 |      74 |   0.0 |       0 |      21 |   0.0 |   525
               +---------+---------+-------+---------+---------+-------+---------
